 Dungeon Crawl Stone Soup version 0.30-a0-1163-gf69bf04e7a (webtiles) character file.

Game seed: 12690222709966201040

60473 BillyBaka the Fighter (level 14, -7/127 HPs)
             Began as a Minotaur Fighter on Apr 28, 2023.
             Was an Elder of the Shining One.
             Killed from afar by a frost giant (11 damage)
             ... with a bolt of cold
             ... on level 13 of the Dungeon.
             The game lasted 01:30:35 (19268 turns).

BillyBaka the Fighter (Minotaur Fighter)           Turns: 19268, Time: 01:30:35

Health: -7/127     AC: 19    Str: 27    XL:     14   Next: 57%
Magic:  19/19      EV: 16    Int:  8    God:    the Shining One [****..]
Gold:   847        SH: 13    Dex: 11    Spells: 13/13 levels left

rFire   . . .        X - +7 trident (holy)
rCold   + . .        Y - +2 kite shield
rNeg    + + +        U - +1 chain mail "Babass" {Drain rElec rC++ Int+3}
rPois   .            N - +0 hat
rElec   +            (no cloak)
rCorr   .            c - +3 pair of gloves of Vuopnur {rN+}
SInv    .            Z - +0 pair of boots of Ralunt {Str+6}
Will    ++++.        i - amulet of the acrobat Stlth
                     S - ring of Suefris {rElec rC- rN+ Will+++ Str-4}
HPRegen 0.41/turn    P - +5 ring of evasion
MPRegen 0.16/turn

%: acrobat
@: hasted, glowing, very quick
A: horns 2, retaliatory headbutt
a: Renounce Religion, Divine Shield, Cleansing Flame


You were on level 13 of the Dungeon.
You worshipped the Shining One.
The Shining One was greatly pleased with you.
You visited 3 branches of the dungeon, and saw 19 of its levels.
You also visited: Ossuary.

You collected 1580 gold pieces.
You spent 733 gold pieces at shops.

Inventory:

Hand Weapons
 X - a +7 trident of holy wrath (weapon)
Missiles
 a - 2 boomerangs
 y - 4 silver javelins
 H - 20 javelins
 Q - a silver boomerang
Armour
 c - the +3 pair of gloves of Vuopnur (worn) {rN+}
   (You found it on level 7 of the Dungeon)

   rN:        It protects you from negative energy.
 N - a +0 hat (worn)
 U - the +1 chain mail "Babass" (worn) {Drain rElec rC++ Int+3}
   (You found it on level 5 of the Lair of Beasts)

   Int:       It affects your intelligence (+3).
   rC:        It greatly protects you from cold.
   rElec:     It insulates you from electricity.
   Drain:     It drains your maximum health when unequipped.
 Y - a +2 kite shield (worn)
 Z - the +0 pair of boots of Ralunt (worn) {Str+6}
   (You bought it in a shop on level 11 of the Dungeon)

   Str:       It affects your strength (+6).
Jewellery
 i - an amulet of the acrobat (around neck)
 r - a ring of willpower
 F - a ring of see invisible
 M - a +6 ring of strength
 P - a +5 ring of evasion (right hand)
 S - the ring of Suefris (left hand) {rElec rC- rN+ Will+++ Str-4}
   (You found it on level 9 of the Dungeon)

   [ring of positive energy]

   Str:       It affects your strength (-4).
   rC:        It makes you vulnerable to cold.
   rElec:     It insulates you from electricity.
   rN:        It protects you from negative energy.
   Will:      It greatly increases your willpower.
Wands
 n - a wand of quicksilver (10)
 w - a wand of charming (10) (quivered)
 I - a wand of mindburst (19)
 O - a wand of digging (3)
 R - a wand of polymorph (11)
 V - a wand of flame (8)
Scrolls
 b - 2 scrolls of summoning
 h - 5 scrolls of teleportation
 k - 4 scrolls of silence
 m - 4 scrolls of poison
 p - 8 scrolls of enchant armour
 q - a scroll of brand weapon {unknown}
 v - 6 scrolls of blinking
 C - 5 scrolls of fear
 E - 2 scrolls of fog
 G - 4 scrolls of magic mapping
 J - 3 scrolls of immolation
Potions
 d - 2 potions of might
 e - 2 potions of berserk rage {unknown}
 f - 4 potions of flight {unknown}
 j - a potion of cancellation {unknown}
 o - 14 potions of curing
 s - 7 potions of brilliance
 t - 3 potions of mutation {unknown}
 x - 2 potions of invisibility {unknown}
 z - 5 potions of resistance {unknown}
 A - 5 potions of degeneration {unknown}
 B - 2 potions of ambrosia {unknown}
 D - 3 potions of lignification {unknown}
 K - 4 potions of haste
 L - a potion of magic {unknown}
Miscellaneous
 l - a box of beasts
 T - a condenser vane
 W - a lightning rod (4/4)


   Skills:
 + Level 12.6 Fighting
 - Level 12.3(14.3) Axes
 * Level 11.9(14.1) Polearms
 + Level 5.9 Throwing
 + Level 12.4 Armour
 + Level 9.2 Dodging
 + Level 11.4 Shields
 + Level 8.4 Invocations
 + Level 5.3 Evocations


You had 13 spell levels left.
You didn't know any spells.
Your spell library contained the following spells:

 Spells                   Type           Power      Damage    Failure   Level
 Apportation              Tloc           0%         N/A       93%         1
 Beastly Appendage        Tmut           0%         N/A       93%         1
 Kiss of Death            Conj/Necr      0%         2d5       93%         1
 Magic Dart               Conj           0%         1d3       93%         1
 Ensorcelled Hibernation  Hex/Ice        0%         N/A       98%         2
 Passwall                 Tmut/Erth      0%         N/A       98%         2
 Searing Ray              Conj           0%         2d4       98%         2
 Sublimation of Blood     Necr           0%         N/A       98%         2
 Wereblood                Tmut           0%         N/A       98%         2
 Confusing Touch          Hex            0%         N/A       100%        3
 Hailstorm                Conj/Ice       0%         3d3       100%        3
 Spider Form              Tmut/Pois      0%         N/A       100%        3
 Swiftness                Air            0%         N/A       100%        3
 Cause Fear               Hex            0%         N/A       100%        4
 Dispel Undead            Necr           0%         3d6       100%        4
 Fulminant Prism          Conj/Hex       0%         3d5       100%        4
 Ice Form                 Ice/Tmut       0%         N/A       100%        4
 Passage of Golubria      Tloc           0%         N/A       100%        4
 Petrify                  Tmut/Erth      0%         N/A       100%        4
 Summon Lightning Spire   Summ/Air       0%         N/A       100%        4
 Alistair's Intoxication  Tmut/Pois      0%         N/A       100%        5
 Irradiate                Conj/Tmut      0%         3d11      100%        5
 Metabolic Englaciation   Hex/Ice        0%         N/A       100%        5
 Silence                  Hex/Air        0%         N/A       100%        5
 Summon Forest            Summ/Tloc      0%         N/A       100%        5
 Summon Mana Viper        Hex/Summ       0%         N/A       100%        5
 Simulacrum               Ice/Necr       0%         N/A       100%        6
 Statue Form              Tmut/Erth      0%         N/A       100%        6
 Summon Cactus Giant      Summ           0%         N/A       100%        6
 Dragon Form              Tmut           0%         N/A       100%        7
 Storm Form               Tmut/Air       0%         N/A       100%        7
 Lehudib's Crystal Spear  Conj/Erth      0%         10d2      100%        8
 Maxwell's Capacitive Co  Air            0%         ∞         100%        8
 Dragon's Call            Summ           0%         N/A       100%        9


Dungeon Overview and Level Annotations

Branches:
Dungeon (13/15)            Temple (1/1) D:5            Lair (5/5) D:11
  Swamp (0/4) Lair:3       Spider (0/4) Lair:2        Slime (0/5) Lair:5
    Orc (0/2) D:10        Ossuary (visited)
 Vaults: D:13-14

Altars:
Ashenzari
Cheibriados
Dithmenos
Elyvilon
Fedhas
Gozag
Hepliaklqana
Kikubaaqudgha
Makhleb
Nemelex Xobeh
Okawaru
Qazlal
Ru
Trog
Uskayaw
Vehumet
Wu Jian
Xom
Zin
The Shining One

Shops:
D:3 *   D:7 *!([:   D:11 [

Annotations:
D:4 1 runed translucent door, Crazy Yiuf


Innate Abilities, Weirdness & Mutations

You have a pair of horns on your head.
You reflexively headbutt those who attack you in melee.


Message History

The bolt of cold misses you. You block the cyclops's attack.
You hit the cyclops but do no damage.
The cyclops is almost dead.
You puncture the cyclops!
You kill the cyclops!
The yaktaur captain closely misses you. You furiously retaliate!
You headbutt the yaktaur captain! You block the frost giant's attack.
You puncture the basilisk!
The basilisk is heavily wounded.
The yaktaur captain hits you! The frost giant misses you.
You block the basilisk's attack.
You barely miss the basilisk. You headbutt the basilisk!
The basilisk is severely wounded.
You block the yaktaur captain's attack.
You impale the basilisk!!
You kill the basilisk!
The frost giant hits you with a +1 battleaxe of freezing!
The frost giant freezes you.
You impale the yaktaur captain!!
The yaktaur captain is almost dead.
You block the yaktaur captain's attack.
The frost giant hits you with a +1 battleaxe of freezing!!
* * * LOW HITPOINT WARNING * * *
The frost giant freezes you.
* * * LOW HITPOINT WARNING * * *
You feel much better. The yaktaur captain hits you.
* * * LOW HITPOINT WARNING * * *
The frost giant closely misses you.
You puncture the yaktaur captain! You headbutt the yaktaur captain.
You kill the yaktaur captain!
You impale the frost giant!! You headbutt the frost giant.
The frost giant is heavily wounded.
The frost giant hits you with a +1 battleaxe of freezing!!
* * * LOW HITPOINT WARNING * * *
The frost giant freezes you.
* * * LOW HITPOINT WARNING * * *
You feel yourself speed up. The frost giant casts a spell at you.
The bolt of cold hits you! You resist.
You die...

### #.. ####.# ....#
#.$#
#########@#########
#)...'..C()..'...=#
#....#.......#....###
!....
#.......#......# ....
##..⌠..##......###
C.. #.....####.....[#
l. ##...## #[.....# c
#...# ###....#
####### #[..)#


You could see a frost giant.

Vanquished Creatures
  A very ugly thing (D:13)
  Nessos (Lair:5)
  A yaktaur captain (D:13)
  3 hydras
  A catoblepas (Lair:2)
  An ogre mage (D:12)
  A centaur warrior (D:13)
  A tengu warrior (D:13)
  6 two-headed ogres
  A dancing weapon (D:13)
  Urug (Lair:2)
  Sonja (D:11)
  2 skysharks
  A skeletal warrior (D:13)
  Pikel (D:5)
  A deep troll (Lair:2)
  A lindwurm (Lair:4)
  An orc knight (D:13)
  An ugly thing (D:13)
  2 deep elf pyromancers (D:13)
  13 elephants
  4 manticores
  3 cyclopes
  A black mamba (Lair:1)
  14 cane toads
  A kobold demonologist (D:10)
  A rime drake (Lair:4)
  2 unseen horrors
  10 komodo dragons
  A tengu conjurer (D:13)
  3 trolls
  6 polar bears
  A tyrant leech (Lair:3)
  5 hornets
  3 dream sheep (Lair:5)
  10 blink frogs
  A culicivora (shapeshifter) (D:13)
  A vampire (D:9)
  A slime creature (D:13)
  14 spriggans (Lair:5)
  3 shadows
  4 culicivoras (Lair:2)
  31 yaks
  8 wyverns
  4 wraiths
  7 basilisks
  2 steam dragons
  5 vampire mosquitoes
  Menkaure (D:6)
  A swamp worm (Lair:3)
  22 water moccasins
  4 orc warriors
  A sky beast (D:7)
  An ice beast (D:5)
  4 ogres
  3 black bears
  5 boggarts
  10 centaurs
  40 wolves
  3 lemures (D:6)
  A phantom (D:6)
  3 kobold brigands
  9 bullfrogs
  5 gnoll sergeants (D:10)
  2 scorpions
  6 wights (D:7)
  5 killer bees (D:9)
  8 howler monkeys
  7 electric eels
  6 jellies
  2 orc priests
  10 hounds
  A gnoll bouda (D:10)
  10 iguanas
  13 orc wizards
  8 mummies (Ossuary)
  7 adders
  32 gnolls
  A white imp (D:7)
  An ufetubus (D:6)
  2 worms
  4 dart slugs
  19 orcs
  6 endoplasms
  3 giant cockroaches
  A gnoll zombie (Ossuary)
  7 goblins
  5 hobgoblins
  11 jackals
  A quokka (D:1)
  8 ball pythons
  5 bats
  3 frilled lizards (D:3)
  A hobgoblin zombie (Ossuary)
  16 kobolds
  3 kobold zombies (Ossuary)
  3 orc zombies (Ossuary)
  4 rats (D:2)
522 creatures vanquished.

Vanquished Creatures (others)
  A centaur (D:11)
  24 fungi
  36 plants
61 creatures vanquished.

Grand Total: 583 creatures vanquished

Notes
Turn   | Place    | Note
-------+----------+-------------------------------------------
     0 | D:1      | BillyBaka the Minotaur Fighter began the quest for the Orb.
     0 | D:1      | Reached XP level 1. HP: 19/19 MP: 0/0
   257 | D:1      | Reached XP level 2. HP: 23/27 MP: 1/1
   758 | D:2      | Reached XP level 3. HP: 33/33 MP: 2/2
  1172 | D:2      | Reached XP level 4. HP: 33/40 MP: 3/3
  1636 | D:3      | Found Nyod's Assorted Antiques.
  1824 | D:4      | Noticed an ogre
  1838 | D:4      | Killed an ogre
  1839 | D:4      | Reached XP level 5. HP: 47/47 MP: 4/4
  2079 | D:4      | Reached skill level 5 in Axes
  2095 | D:4      | Found a sand-covered staircase.
  2101 | Ossuary  | Entered an ossuary
  2131 | Ossuary  | Reached XP level 6. HP: 55/55 MP: 5/5
  2188 | Ossuary  | Reached skill level 5 in Fighting
  2188 | Ossuary  | Reached skill level 5 in Armour
  2188 | Ossuary  | Reached skill level 5 in Shields
  2688 | D:4      | Found a runed translucent door.
  2689 | D:4      | Noticed Crazy Yiuf
  2841 | D:5      | Entered Level 5 of the Dungeon
  2919 | D:5      | Noticed an ice beast
  3102 | D:5      | Killed an ice beast
  3103 | D:5      | Reached XP level 7. HP: 43/61 MP: 6/6
  3150 | D:5      | Found a staircase to the Ecumenical Temple.
  3151 | D:5      | Noticed Pikel
  3705 | D:5      | Upgraded the game from 0.30-a0-1161-g0704695555 to
                  | 0.30-a0-1163-gf69bf04e7a
  3828 | D:6      | Found a shimmering altar of Xom.
  4115 | D:6      | Reached XP level 8. HP: 59/70 MP: 7/7
  4212 | D:6      | Noticed Menkaure
  4217 | D:6      | Killed Menkaure
  4433 | D:6      | Found a shadowy altar of Dithmenos.
  4618 | D:5      | Killed Pikel
  4679 | Temple   | Entered the Ecumenical Temple
  4701 | Temple   | Became a worshipper of the Shining One
  4728 | D:7      | Found Ickoecoi's Distillery.
  4775 | D:7      | Bought 2 potions of curing for 78 gold pieces
  4775 | D:7      | Bought a potion of haste for 130 gold pieces
  4775 | D:7      | Noticed a +0 hand axe
  4775 | D:7      | Noticed a +0 dagger
  4779 | D:7      | Found a hide-covered altar of Uskayaw.
  4821 | D:7      | Found Ytzechufa's Assorted Antiques.
  4826 | D:7      | Bought a shiny scale mail for 140 gold pieces
  4994 | D:7      | Found Noedwoes's Antique Armour Emporium.
  5021 | D:7      | Reached XP level 9. HP: 78/79 MP: 8/8
  5153 | D:7      | Found Ufoef's Book Shop.
  5196 | D:7      | Found Ozxesch's Weapon Shoppe.
  5359 | D:7      | Reached * piety under the Shining One
  5525 | D:7      | You fall into a shaft and drop 1 floor!
  5802 | D:7      | Identified the +3 pair of gloves of Vuopnur {rN+}
  5904 | D:8      | Reached skill level 10 in Axes
  5904 | D:8      | Reached skill level 1 in Dodging
  5904 | D:8      | Reached skill level 1 in Invocations
  6757 | D:9      | Reached XP level 10. HP: 84/90 MP: 9/11
  6780 | D:9      | Identified the ring of Suefris {rElec rC- rN+ Will+++
                  | Str-4}
  6859 | D:9      | Found a radiant altar of Vehumet.
  7361 | D:10     | Entered Level 10 of the Dungeon
  7691 | D:10     | Found a staircase to the Orcish Mines.
  7987 | D:10     | Noticed a two-headed ogre
  7995 | D:10     | Killed a two-headed ogre
  8071 | D:10     | Reached ** piety under the Shining One
  8416 | D:10     | Found an opulent altar of Gozag.
  8990 | D:11     | Found Qeresule's Armour Emporium.
  8998 | D:11     | Bought the +0 pair of boots of Ralunt {Str+6} for 385 gold
                  | pieces
  9085 | D:11     | Noticed a cyclops
  9098 | D:11     | Reached skill level 1 in Polearms
  9103 | D:11     | Killed a cyclops
  9104 | D:11     | Reached skill level 5 in Dodging
  9107 | D:11     | Reached XP level 11. HP: 61/97 MP: 13/13
  9109 | D:11     | Reached skill level 1 in Throwing
  9625 | D:11     | Noticed Sonja
  9644 | D:11     | Killed Sonja
  9782 | D:11     | Reached skill level 5 in Invocations
 10051 | D:11     | Found a staircase to the Lair.
 10459 | Lair:1   | Entered Level 1 of the Lair of Beasts
 10481 | Lair:1   | Reached skill level 10 in Fighting
 10506 | Lair:1   | Reached skill level 10 in Armour
 10629 | Lair:1   | Reached skill level 5 in Polearms
 10715 | Lair:1   | Identified the +4 hand axe "Tocviba" {freeze, Str+4 Int-5}
 11569 | Lair:2   | Noticed a skyshark
 11578 | Lair:2   | Killed a skyshark
 11683 | Lair:2   | Noticed Urug
 11708 | Lair:2   | Killed Urug
 11709 | Lair:2   | Reached XP level 12. HP: 34/107 MP: 12/15
 12182 | Lair:2   | Reached skill level 1 in Evocations
 12422 | Lair:2   | Found a hole to the Spider Nest.
 12697 | Lair:2   | Noticed a catoblepas
 12697 | Lair:2   | Reached *** piety under the Shining One
 12709 | Lair:2   | Killed a catoblepas
 13656 | Lair:3   | Found a staircase to the Swamp.
 14213 | Lair:4   | Reached XP level 13. HP: 62/116 MP: 15/17
 14519 | Lair:4   | Reached skill level 10 in Shields
 15443 | Lair:5   | Entered Level 5 of the Lair of Beasts
 15538 | Lair:5   | Noticed Nessos
 15544 | Lair:5   | Killed Nessos
 15877 | Lair:5   | Paralysed by a hornet for 2 turns
 16045 | Lair:5   | Reached skill level 10 in Polearms
 16519 | Lair:5   | Reached **** piety under the Shining One
 16535 | Lair:5   | Paralysed by a hornet for 3 turns
 16991 | Lair:5   | Found a staircase to the Slime Pits.
 17271 | Lair:5   | Reached skill level 5 in Throwing
 17628 | Lair:5   | Identified the +1 chain mail "Babass" {Drain rElec rC++
                  | Int+3}
 18044 | D:12     | Identified the +7 morningstar of Circularity {pain, Will+
                  | Int-4 Stlth+}
 18056 | D:12     | Reached XP level 14. HP: 126/126 MP: 18/18
 18789 | D:13     | Noticed a purple very ugly thing
 18797 | D:13     | Killed a purple very ugly thing
 18800 | D:13     | Reached skill level 5 in Evocations
 18865 | D:13     | Identified the +8 arbalest of Disaster {heavy, Int+3}
 18951 | D:13     | Reached ***** piety under the Shining One
 19228 | D:13     | Noticed a frost giant
 19267 | D:13     | HP: 4/127 [frost giant/+1 battleaxe of freezing (4)]
 19268 | D:13     | Killed from afar by a frost giant

Illustrated notes

Levels and vault maps discovered:
D:1:      spicycebolla_arrival_ecumenical, layout_basic
D:2:      layout_loops_ring
D:3:      layout_rooms, serial_shops, shop, dk_vineyard_3, st_stairs_11
D:4:      layout_loops_ring, lightli_ossuary_entry_decrepit_ruins,
          chequers_serial_rivers_room_b, uniq_crazy_yiuf_cottage
D:5:      layout_loops_ring, minmay_temple_entry_from_below_b, uniq_pikel
D:6:      layout_rooms, nicolae_overflow_hidden_temple, uniq_menkaure
D:7:      layout_basic, dancing_weapons_uskayaw, serial_shops,
          nicolae_shop_tiny_waterfront, nicolae_shop_industrial_runoff, shop,
          kennysheep_little_box, shop
D:8:      nicolae_hitomezashi [nicolae_hito_row, nicolae_hito_row,
          nicolae_hito_row, nicolae_hito_row, nicolae_hito_row,
          nicolae_hito_row, nicolae_hito_row, nicolae_hito_row,
          nicolae_hito_row, nicolae_hito_row, nicolae_hito_row,
          nicolae_hito_row, nicolae_hito_row, nicolae_hito_row,
          nicolae_hito_row, nicolae_hito_row, nicolae_hito_row,
          nicolae_hito_row], layout_rooms, minmay_misc_feat_rows
D:9:      layout_gridville, nicolae_vehumet_radiance
D:10:     layout_cave_pools, grunt_gozag_breadcrumbs, david_orc_2,
          serial_gnoll_camp, gnoll_camp_huts_moat, gnoll_camp_mini_basic,
          gnoll_camp_mini_doghouse, gnoll_camp_mini_basic,
          gnoll_camp_mini_loothouse
D:11:     layout_stronghold, minmay_lair_entry_grove, serial_shops, shop,
          uniq_sonja
D:12:     layout_gridville
D:13:     layout_loops_corners, gauntlet_entry_generic, nicolae_rejected_hall,
          uniq_erolcha
Temple:   hellmonk_temple_two_chambers
Lair:1:   layout_regular_city, serial_bayou_shore_a, lemuel_fruit_fields,
          infiniplex_staircase_pool
Lair:2:   dreamdust_cave_troll, layout_regular_city,
          hellmonk_spider_entry_life_and_decay, lemuel_fruit_tree, uniq_urug
Lair:3:   beast_lair_carwin_large_1, layout_hall_layers,
          minmay_swamp_entry_worms, serial_bayou_shore_b
Lair:4:   layout_cave_pods, minivault_19, serial_bayou_lagoon_b
Lair:5:   minmay_lair_end_enchanted_forest, layout_cave_pods,
          nicolae_slime_entry_field_trip, uniq_nessos

Skill      XL: |  1  2  3  4  5  6  7  8  9 10 11 12 13 14 |
---------------+-------------------------------------------+-----
Axes           | 3 4 5 6 7 9 11 12 | 12.3
Fighting       | 4 5 6 7 8 9 10 11 12 | 12.6
Armour         | 4 5 6 7 8 9 10 11 12 | 12.4
Shields        | 4 5 6 7 8 9 10 11 | 11.4
Dodging        | 3 5 6 7 8 9 |  9.2
Invocations    | 2 4 5 6 7 8 |  8.4
Polearms       | 1 6 9 10 11 | 11.9
Throwing       | 3 5 |  5.9
Evocations     | 3 4 5 |  5.3

Action                     |  1- 3 |  4- 6 |  7- 9 | 10-12 | 13-15 || total
---------------------------+-------+-------+-------+-------+-------++-------
  Melee: War axe           |    62 |   101 |   106 |       |       ||   269
         Headbutt          |     8 |    19 |    50 |   154 |   159 ||   390
         Battleaxe         |       |       |    70 |   126 |       ||   196
         Trident           |       |       |       |   435 |   562 ||   997
  Throw: Throwing net      |       |     2 |     2 |       |       ||     4
         Boomerang         |       |       |       |    31 |   195 ||   226
 Invoke: Divine Shield     |       |       |       |     3 |     1 ||     4
  Evoke: Box of beasts     |       |       |       |     1 |       ||     1
         Wand              |       |       |       |    25 |    10 ||    35
    Use: Potion            |       |       |     1 |       |     8 ||     9
         Scroll            |       |       |       |    20 |     2 ||    22
 Armour: Scale mail        |    31 |    30 |    79 |   231 |    87 ||   458
         Chain mail        |       |       |       |       |    59 ||    59
  Dodge: Dodged            |    35 |    47 |    94 |   257 |   285 ||   718
  Block: Buckler           |    17 |    30 |    35 |       |       ||    82
         Kite shield       |       |       |       |   268 |   379 ||   647

Table legend: (Time is in decaauts)
 A = Elapsed time spent in this place.
 B = Non-inter-level travel time spent in this place.
 C = Inter-level travel time spent in this place.
 D = Time resting spent in this place.
 E = Time spent auto-exploring this place.
 F = Levels seen in this place.
 G = Mean time per level.
                   A        B        C        D        E       F      G
               +--------+--------+--------+--------+--------+-----+--------+
         Total |  19275 |  18172 |   1103 |   3342 |  10824 |  20 |  963.8 |
       Dungeon |  11478 |  10696 |    782 |   1642 |   6473 |  13 |  882.9 |
        Temple |     28 |     28 |      0 |      0 |     10 |   1 |   28.0 |
          Lair |   7506 |   7185 |    321 |   1699 |   4174 |   5 | 1501.2 |
       Ossuary |    261 |    261 |      0 |      0 |    166 |   1 |  261.0 |
               +--------+--------+--------+--------+--------+-----+--------+

Top non-repeatable levels by time:
  Lair:5: 2054 daAuts
  Lair:4: 1809 daAuts
  Lair:2: 1778 daAuts
    D:11: 1581 daAuts
    D:10: 1319 daAuts
     D:7: 1153 daAuts
     D:9: 1134 daAuts
  Lair:3: 1024 daAuts
     D:4: 1010 daAuts
     D:5: 868 daAuts
     D:6: 850 daAuts
  Lair:1: 839 daAuts
     D:1: 764 daAuts
     D:2: 675 daAuts
     D:8: 648 daAuts
